 Dungeon Crawl Stone Soup version 0.22-a0-880-gb7b0c8b (webtiles) character file.

126 Kuinu the Skirmisher (level 4, -1/38 HPs)
             Began as a Draconian Skald on July 30, 2018.
             Slain by Crazy Yiuf
             ... wielding a +4 quarterstaff of chaos
              (8 damage)
             ... on level 2 of the Dungeon.
             The game lasted 00:05:08 (2209 turns).

Kuinu the Skirmisher (Draconian Skald)              Turns: 2209, Time: 00:05:13

Health: -1/38      AC:  5    Str: 14    XL:     4   Next: 84%
Magic:  4/7        EV: 12    Int: 13    God:
Gold:   101        SH:  0    Dex: 11    Spells: 2/7 levels left

rFire    . . .     SeeInvis .   a - +0 falchion
rCold    . . .     Gourm    .   (no shield)
rNeg     . . .     Faith    .   (armour unavailable)
rPois    .         Spirit   .   (helmet restricted)
rElec    .         Reflect  .   (no cloak)
rCorr    .         Harm     .   (no gloves)
MR       .....                  (no boots)
Stlth    +.........             (no amulet)
HPRegen  0.12/turn              (no ring)
MPRegen  0.10/turn              (no ring)

@: lethally poisoned (-1 -> -9), infused, very slightly contaminated, slowed,
very slow
A: unfitting armour, cold-blooded, AC +5
a: no special abilities


You were on level 2 of the Dungeon.
You were hungry.

You visited 1 branch of the dungeon, and saw 2 of its levels.

You collected 101 gold pieces.

Inventory:

Hand Weapons
 a - a +0 falchion (weapon)
Jewellery
 l - an uncursed ring of flight {unknown}
Scrolls
 d - a scroll of fog {unknown}
 e - 5 scrolls of identify {unknown}
 j - a scroll of amnesia {unknown}
 k - a scroll of random uselessness {unknown}
 p - a scroll of remove curse {unknown}
Potions
 f - 2 potions of heal wounds
 g - a potion of curing {unknown}
 h - a potion of mutation {unknown}
 i - a potion of might {unknown}
 m - a potion of magic {unknown}
 n - a potion of lignification {unknown}
 o - a potion of flight {unknown}
Comestibles
 c - 4 rations


   Skills:
 * Level 3.5 Fighting
 * Level 3.1 Long Blades
 + Level 2.5 Dodging
 + Level 2.4 Spellcasting
 + Level 3.1 Charms


You had 2 spell levels left.
You knew the following spells:

 Your Spells              Type           Power        Failure   Level  Hunger
a - Infusion              Chrm           #...         7%          1    #......
b - Song of Slaying       Chrm           #.......     10%         2    ###....
c - Shroud of Golubria    Chrm/Tloc      #.........   19%         2    ###....

Your spell library contained the following spells:

 Spells                   Type           Power        Failure   Level  Hunger
 Regeneration             Chrm/Necr      #.........   36%         3    ###....
 Spectral Weapon          Hex/Chrm       #.......     36%         3    ###....


Dungeon Overview and Level Annotations

Branches:
Dungeon (2/15)

Altars:
Hepliaklqana

Annotations:
D:2 Crazy Yiuf


Innate Abilities, Weirdness & Mutations

Your plain brown scales are hard. (AC +5)
You cannot fit into any form of body armour.
You are cold-blooded and may be slowed by cold attacks.


Message History

You see here a mace.
Crazy Yiuf closely misses you.
You riposte.
You closely miss Crazy Yiuf.
You see here a mace.
You hit Crazy Yiuf. You tail-slap Crazy Yiuf.
Crazy Yiuf is moderately wounded.
Crazy Yiuf says, "Cod!
Candle bag head."
Crazy Yiuf hits you with a quarterstaff of chaos.
Your shroud falls apart!
You are poisoned.
You hit Crazy Yiuf.
Crazy Yiuf is moderately wounded.
You feel sick.
Crazy Yiuf hits you with a quarterstaff of chaos!
You feel yourself slow down. Crazy Yiuf freezes you.
You completely miss Crazy Yiuf.
Crazy Yiuf is moderately wounded.
You feel sick.
Crazy Yiuf hits you with a quarterstaff of chaos.
* * * LOW HITPOINT WARNING * * *
Crazy Yiuf hits you with a quarterstaff of chaos!
You die...

.........# #.......# #...###.##.
.........# #..(....# ###.# #.##.
.........###..(....######.###.###
.................................
#######.)..###########...........
#....# #.......#### #....# #####
#.......# #....# #)g)# #.....(.#
#....# #)@)# #.......# #....#
#)))# #.......# #....# ##'##
#.......# ###### ##)# #.......#
#)## #.......# ##)# #.#######
#)## #.# ##)## #.# #)..## #.#


You could see Crazy Yiuf.

Vanquished Creatures
  Terence (D:2)
  Natasha (twice) (D:2)
  A worm (D:2)
  3 dart slugs (D:1)
  A leopard gecko (D:1)
  4 bats
  A giant cockroach (D:2)
  6 goblins
  7 hobgoblins
  A quokka (D:2)
  5 frilled lizards
  5 kobolds
  7 rats
44 creatures vanquished.

Notes
Turn   | Place    | Note
-------+----------+-------------------------------------------
     0 | D:1      | Kuinu the Draconian Skald began the quest for the Orb.
     0 | D:1      | Reached XP level 1. HP: 17/17 MP: 3/3
   122 | D:1      | Reached XP level 2. HP: 25/25 MP: 5/5
   363 | D:1      | Learned a level 2 spell: Song of Slaying
   366 | D:1      | Learned a level 2 spell: Shroud of Golubria
   605 | D:1      | Reached XP level 3. HP: 30/30 MP: 3/6
   724 | D:1      | Found a hazy altar of Hepliaklqana.
  1001 | D:2      | Found a runed door.
  1079 | D:2      | Noticed Terence
  1153 | D:2      | Killed Terence
  1155 | D:2      | Reached XP level 4. HP: 27/38 MP: 0/7
  1289 | D:2      | Noticed Natasha
  1297 | D:2      | Killed Natasha
  1645 | D:2      | Noticed Natasha
  1672 | D:2      | Killed Natasha
  2203 | D:2      | Noticed Crazy Yiuf
  2209 | D:2      | Slain by Crazy Yiuf

Vault maps used:
D:1:      sevenhm_arrival_forest_fort_small_6, serial_forest,
          infiniplex_forest_end_2, infiniplex_forest_clump_medium,
          infiniplex_forest_zigzag_1, infiniplex_forest_lined_4_way,
          infiniplex_forest_straight_5, infiniplex_forest_end_2,
          infiniplex_forest_corner_1, infiniplex_forest_lined_room_2
D:2:      first_ration, uniq_terence, uniq_natasha, uniq_crazy_yiuf_cottage

Skill      XL: |  1  2  3  4 |
---------------+-------------+-----
Fighting       | 3 |  3.5
Charms         | 3 |  3.1
Long Blades    | 3 |  3.1
Dodging        | |  2.5
Spellcasting   | |  2.4

Action                   |  1- 3 |  4- 6 || total
-------------------------+-------+-------++-------
Melee: Falchion          |    79 |    43 ||   122
       Tailslap          |     7 |     6 ||    13
 Cast: Shroud of Golubri |     3 |     3 ||     6
       Song of Slaying   |     1 |     1 ||     2
       Infusion          |     2 |     2 ||     4
  Use: Potion            |     1 |       ||     1
 Stab: Sleeping          |     1 |       ||     1
  Eat: Chunk             |     1 |     3 ||     4
Armor: Skin              |    22 |    15 ||    37
Dodge: Dodged            |    50 |    31 ||    81
       Rpst.: Falchion   |    17 |    12 ||    29

Table legend:
 A = Spawn XP
 B = Non-spawn XP
 C = Spawn XP percentage of total XP
 D = Spawn monster count
 E = Non-spawn monster count
 F = Spawn count percentage of total count
 G = Total turns spent on level
                    A         B        C        D         E        F      G
               +---------+---------+-------+---------+---------+-------+---------
         Total |       0 |     181 |   0.0 |       0 |      44 |   0.0 |  2209
               +---------+---------+-------+---------+---------+-------+---------
           D:1 |       0 |      46 |   0.0 |       0 |      24 |   0.0 |   867
           D:2 |       0 |     135 |   0.0 |       0 |      20 |   0.0 |  1342
               +---------+---------+-------+---------+---------+-------+---------
